 Dungeon Crawl Stone Soup version 0.18.1-50-g88ac8fd (webtiles) character file.

1858 Amnesiac the Prestidigitator (level 8, 0/45 HPs)
             Began as a Deep Elf Fighter on Mar 2, 2018.
             Slain by an iguana (11 damage)
             ... on level 6 of the Dungeon.
             The game lasted 00:13:29 (7378 turns).

Amnesiac the Prestidigitator (Deep Elf Fighter)     Turns: 7378, Time: 00:13:30

Health: 0/45       AC:  7    Str: 15    XL:     8   Next: 89%
Magic:  18/18      EV:  9    Int: 16    God:
Gold:   84         SH:  8    Dex: 14    Spells: 0 memorised, 7 levels left

rFire  . . .     SeeInvis .     b - +1 rapier
rCold  . . .     Gourm    .     d - +0 scale mail
rNeg   . . .     Faith    .     c - +0 shield
rPois  .         Spirit   .     (no helmet)
rElec  .         Dismiss  .     h - +0 cloak
rCorr  .         Reflect  .     (no gloves)
SustAt .         Harm     .     (no boots)
MR     .....                    (no amulet)
Stlth  ..........               y - +2 ring of intelligence
                                t - ring of wizardry

@: not resistant to hostile enchantments, extremely unstealthy
A: no striking features
a: no special abilities


You were on level 6 of the Dungeon.
You were not hungry.

You visited 1 branch of the dungeon, and saw 6 of its levels.

You collected 185 gold pieces.
You spent 101 gold pieces at shops.

Inventory:

Hand Weapons
 b - a +1 rapier (weapon)
Missiles
 e - 4 throwing nets
 p - 226 stones (quivered)
 u - 48 poisoned needles
 v - 3 curare-tipped needles
Armour
 c - a +0 shield (worn)
 d - a +0 scale mail (worn)
 h - a +0 cloak (worn)
Rods
 a - a +2 rod of ignition (12/12)
   (You found it on level 4 of the Dungeon)
Jewellery
 t - a ring of wizardry (left hand)
 y - a +2 ring of intelligence (right hand)
Wands
 s - a wand of enslavement (11/24)
 A - a wand of confusion (31/48)
Scrolls
 g - 3 scrolls of remove curse {!r}
 o - a scroll of enchant armour {!r, unknown}
 q - a scroll of teleportation {!r}
 r - 3 scrolls of enchant weapon {!r}
 B - a scroll of blinking {!r}
 C - a scroll of recharging {!r}
 D - a scroll of magic mapping {!r}
Potions
 i - a potion of invisibility {!q, unknown}
 j - 6 potions of lignification {!q, unknown}
 k - 3 potions of brilliance {!q}
 l - a potion of berserk rage {!q}
 m - a potion of resistance {!q}
 n - a potion of mutation {!q, unknown}
 w - 3 potions of curing {!q, unknown}
 z - 3 potions of magic {!q, unknown}
 F - a potion of cancellation {!q, unknown}
Comestibles
 f - 6 bread rations
 x - 2 beef jerkies
 E - a meat ration


   Skills:
 - Level 2.4 Fighting
 - Level 2.3 Short Blades
 - Level 2.4 Armour
 - Level 6.0 Dodging
 - Level 2.4 Shields
 + Level 11.0 Evocations


You had 7 spell levels left.
You didn't know any spells.

Dungeon Overview and Level Annotations

Branches:
Dungeon (6/15)
 Temple: D:4-7

Altars:
Ashenzari
Cheibriados
Elyvilon
Fedhas
Kikubaaqudgha
Sif Muna
Trog
Vehumet
Xom
The Shining One

Shops:
D:5 *(:(


Message History

The bat zombie closely misses you.
The bat zombie hits you but does no damage.
You block the bat zombie's attack.
A bat zombie is nearby!
You hit the bat zombie. The bat zombie closely misses you.
You block the bat zombie's attack.
The bat zombie hits you but does no damage.
You block the bat zombie's attack.
A bat zombie is nearby!
You hit the bat zombie. You block the bat zombie's attack. x2
The bat zombie hits you but does no damage.
A bat zombie is nearby!
You puncture the bat zombie!
You destroy the bat zombie!
Key pressed, stopping explore.
No target in view!
No target in view!
There is a dry fountain here.
There is a dry fountain here.
There is an open gate here.
You open the door.
An iguana comes into view.
The iguana hisses angrily.
The iguana closely misses you.
There is an open door here.
An iguana is nearby!
You hit the iguana.
The iguana is moderately wounded.
You block the iguana's attack.
An iguana is nearby!
You barely miss the iguana.
The iguana is moderately wounded.
The iguana bites you!
The iguana bites you but does no damage.
An iguana is nearby!
You closely miss the iguana.
The iguana is moderately wounded.
You block the iguana's attack.
You hit the iguana.
The iguana is heavily wounded.
You block the iguana's attack.
You barely miss the iguana.
The iguana is heavily wounded.
The iguana completely misses you.
You closely miss the iguana.
The iguana is heavily wounded.
You block the iguana's attack. The iguana bites you!
* * * LOW HITPOINT WARNING * * *
You barely miss the iguana.
The iguana is heavily wounded.
The iguana bites you.
* * * LOW HITPOINT WARNING * * *
You hit the iguana but do no damage.
The iguana is heavily wounded.
The iguana bites you!
* * * LOW HITPOINT WARNING * * *
You hit the iguana but do no damage.
The iguana is heavily wounded.
You block the iguana's attack.
You are too injured to fight recklessly!
You puncture the iguana!
The iguana is almost dead.
The iguana bites you!
You die...

.#######.############
####.........'._⌠
#....######..'._⌠
#...........##P##
#..........######
#...............#
#................
#.####).........#####'
#...l@..........# ##..
######.....########.⌠.
#.....# #.#.# #.....#
#..#. #####.# #.#.#
#.# ##.⌠. #.# ##.#.#
#+# #.⌠.#. ##.#.#


You could see an iguana.

Vanquished Creatures
  An orc warrior (D:6)
  2 sky beasts
  2 centaurs
  3 ogres
  4 giant frogs (D:6)
  2 scorpions (D:6)
  A howler monkey (D:4)
  A giant frog zombie (D:6)
  A wasp zombie (D:4)
  2 hounds
  2 orc priests
  7 orc wizards
  2 worker ants
  2 howler monkey skeletons (D:4)
  5 adders
  8 gnolls
  2 shadow imps
  3 oozes
  An adder zombie (D:6)
  6 worms
  4 dart slugs
  5 giant geckos
  22 orcs
  A ball python (D:4)
  12 bats
  3 bat skeletons (D:6)
  A bat zombie (D:6)
  7 giant cockroaches
  11 goblins
  12 hobgoblins
  9 jackals
  A quokka (D:2)
  2 giant newts
  2 jackal skeletons
  16 kobolds
  11 rats
176 creatures vanquished.

Notes
Turn   | Place    | Note
--------------------------------------------------------------
     0 | D:1      | Amnesiac the Deep Elf Fighter began the quest for the Orb.
     0 | D:1      | Reached XP level 1. HP: 13/13 MP: 3/3
    73 | D:2      | Reached skill level 1 in Dodging
   325 | D:3      | Reached XP level 2. HP: 16/18 MP: 4/4
   373 | D:4      | Reached XP level 3. HP: 16/22 MP: 5/5
   382 | D:4      | Reached XP level 4. HP: 18/27 MP: 6/6
   456 | D:4      | Reached skill level 5 in Dodging
   706 | D:4      | Reached XP level 5. HP: 19/31 MP: 7/7
   915 | D:4      | Noticed an ogre
   942 | D:4      | Identified a +2 rod of ignition (12/12) (You found it on level 4 of the Dungeon)
  1017 | D:4      | Reached skill level 1 in Evocations
  1034 | D:4      | Found a snail-covered altar of Cheibriados.
  1518 | D:1      | Reached skill level 2 in Evocations
  2228 | D:2      | Reached XP level 6. HP: 30/36 MP: 8/10
  2235 | D:2      | Reached skill level 3 in Evocations
  3185 | D:4      | Reached skill level 4 in Evocations
  3517 | D:4      | Found a glowing golden altar of the Shining One.
  3543 | D:4      | Reached skill level 5 in Evocations
  3543 | D:4      | Reached XP level 7. HP: 38/40 MP: 11/13
  4201 | D:5      | Entered Level 5 of the Dungeon
  4265 | D:5      | Reached skill level 6 in Evocations
  4267 | D:5      | Found Puusk's Book Emporium.
  4313 | D:5      | Found Qifissi's Weapon Shoppe.
  4395 | D:5      | Found a radiant altar of Vehumet.
  4754 | D:5      | Found a white marble altar of Elyvilon.
  4806 | D:5      | Found Timade's Weapon Shop.
  4968 | D:5      | Reached skill level 7 in Evocations
  5070 | D:5      | Found Halofif's Assorted Antiques.
  5079 | D:5      | Bought a scroll labeled WYFRARPHUVOR for 26 gold pieces
  5079 | D:5      | Bought a scroll labeled HIUZAS PUEW for 26 gold pieces
  5079 | D:5      | Bought a scroll labeled IJOTUU TAWYGH for 26 gold pieces
  5079 | D:5      | Bought a viscous puce potion for 23 gold pieces
  5349 | D:5      | Noticed a moth of wrath
  5387 | D:5      | Found a bloodstained altar of Trog.
  5443 | D:5      | Reached skill level 8 in Evocations
  5443 | D:5      | Reached XP level 8. HP: 8/45 MP: 14/16
  5673 | D:5      | HP: 2/45 [ogre/giant spiked club (5)]
  6078 | D:6      | Found a shimmering altar of Xom.
  6161 | D:6      | Reached skill level 9 in Evocations
  6468 | D:6      | Reached skill level 10 in Evocations
  6774 | D:6      | Found a blossoming altar of Fedhas.
  7286 | D:6      | Found a shattered altar of Ashenzari.
  7286 | D:6      | Found a deep blue altar of Sif Muna.
  7323 | D:6      | Reached skill level 11 in Evocations
  7325 | D:6      | Found an ancient bone altar of Kikubaaqudgha.
  7378 | D:6      | Slain by an iguana

Skill      XL: |  1  2  3  4  5  6  7  8 |
---------------+-------------------------+-----
Dodging        | 2 3 4 5 6 |  6.0
Evocations     | 2 5 8 11 | 11.0
Fighting       | |  2.4
Short Blades   | |  2.3
Armour         | |  2.4
Shields        | |  2.4

Action                   |  1- 3 |  4- 6 |  7- 9 || total
-------------------------+-------+-------+-------++-------
Melee: Rapier            |    39 |   376 |   339 ||   754
Evoke: Rod               |       |     8 |    20 ||    28
  Use: Potion            |     1 |       |     1 ||     2
       Scroll            |       |    10 |     9 ||    19
  Eat: Chunk             |       |    12 |    17 ||    29
       Royal jelly       |       |       |     1 ||     1
       Pizza             |       |       |     1 ||     1
       Meat ration       |       |       |     1 ||     1
Armor: Scale mail        |    16 |   163 |   133 ||   312
Dodge: Dodged            |    13 |   169 |   146 ||   328
Block: Shield            |    39 |   224 |   155 ||   418
